Cogmind - Beta 13 @@@ ROGUE MODE // 2024.04.01 @ 03:13:52 Player: BrainTooSmol Result: Escaped! Performance ------------- Evolutions (9) 4500 Regions Visited (14) 2800 Robots Destroyed (84) 420 Value Destroyed (2228) 2228 Prototype IDs (13) 260 Alien Tech Used (0) 0 Bonus (3347) 3347 TOTAL SCORE: 13555 Bonus ------- High Alert Combat Kills 52 Follower Combat Kills 309 Win 3000 Friendly Fire -14 Cogmind --------- Core Integrity 869/1600 Matter 109/300 Energy 46/100 System Corruption 0% Temperature Cool (4) Movement Hovering (60) Location To Epsilon Eridani Parts ------- > --- POWER (3) -------- (None) > --- PROPULSION (7) --- Improved Antigrav System > --- UTILITY (13) ----- Advanced Weight Redist. System Structural Scanner Triangulator Enhanced Optical Array Hacking Suite Improved Hacking Suite Advanced Hacking Suite System Shield Improved System Guard > --- WEAPON (2) ------- Plasma Lance > --- INVENTORY (5) ---- Authchip [Device] Advanced Component Analysis Suite Recalibrator Peak State ------------ > --- POWER ------------ Micro Antimatter Reactor Light Quantum Reactor Light Quantum Reactor > --- PROPULSION ------- Impulse Thruster Field Propulsion Array Field Propulsion Array Q-thruster Q-thruster > --- UTILITY ---------- Advanced Coolant Injector Advanced Weight Redist. System Structural Scanner Triangulator Enhanced Optical Array Advanced ECM Suite Improved Reaction Control System Hacking Suite Hacking Suite Improved Hacking Suite System Shield Advanced Component Analysis Suite Improved System Guard > --- WEAPON ----------- Chainsword > --- INVENTORY -------- Light Quantum Reactor Impulse Thruster Authchip [Device] Recalibrator Molecular Scythe [Rating: 143] Favorites ----------- Power Light Quantum Reactor Engine Light Ion Engine Power Core Light Nuclear Core Reactor Light Quantum Reactor Propulsion Cooled VTOL Module Treads Light Treads Leg Carbon-fiber Leg Wheel Armored Wheel Hover Unit Improved Antigrav System Flight Unit Cooled VTOL Module Utility Hacking Suite Device Advanced Weight Redist. System Storage Small Storage Unit Processor Enhanced Optical Array Hackware Hacking Suite Protection Medium Armor Plating Weapon Chainsword Energy Gun Pulse Rifle Energy Cannon Particle Cannon Ballistic Gun Assault Rifle Ballistic Cannon Gauss Cannon Launcher Mini Grenade Launcher Special Weapon Mining Laser Impact Weapon Hammer Slashing Weapon Chainsword Piercing Weapon Plasma Lance Special Melee Weapon Improved Datajack Build | -11 -10 -10 -9 -8 -7 -6 -5 -4 -4 -4 -3 -3 -2 -1 ------- Run | Yrd Mat Min Mat Mat Fac Fac Fac Fac Was Fac Res Arm Res Acc Slots Evolved 18 | . . . 2 2 2 2 2 2 . . 2 . 2 2 Power 2 | . . . . . . 1 1 . . . . . . . Propulsion 5 | . . . . 2 1 . . 1 . . . . . 1 Utility 11 | . . . 2 . 1 1 1 1 . . 2 . 2 1 Weapon . | . . . . . . . . . . . . . . . Parts Attached 199 | 7 2 . 23 24 34 15 22 4 1 11 11 11 9 25 Power 37 | 1 1 . 2 2 5 4 6 2 . 3 2 4 . 5 Engine 16 | 1 1 . 2 2 3 2 2 1 . . . 2 . . Core 9 | . . . . . 2 2 4 . . 1 . . . . Reactor 12 | . . . . . . . . 1 . 2 2 2 . 5 Propulsion 51 | 2 . . 6 5 13 5 6 . 1 2 4 . 3 4 Treads 4 | 2 . . 2 . . . . . . . . . . . Leg 3 | . . . . 3 . . . . . . . . . . Wheel 6 | . . . 4 2 . . . . . . . . . . Hover 1 | . . . . . . . . . . . . . . 1 Flight 37 | . . . . . 13 5 6 . 1 2 4 . 3 3 Utility 74 | 2 1 . 6 8 9 5 9 2 . 3 5 6 5 13 Device 51 | 1 1 . 2 4 5 4 8 2 . 3 3 5 5 8 Storage 4 | 1 . . 1 2 . . . . . . . . . . Processor 5 | . . . . . 2 1 . . . . 1 1 . . Hackware 8 | . . . . . 1 . 1 . . . 1 . . 5 Protection 6 | . . . 3 2 1 . . . . . . . . . Artifact . | . . . . . . . . . . . . . . . Weapon 37 | 2 . . 9 9 7 1 1 . . 3 . 1 1 3 Energy Gun 4 | . . . . 2 1 . . . . 1 . . . . Energy Cannon 14 | . . . 6 5 1 . . . . 2 . . . . Ballistic Gun 3 | 2 . . . . 1 . . . . . . . . . Ballistic Cannon 2 | . . . . . 1 1 . . . . . . . . Launcher 4 | . . . 2 2 . . . . . . . . . . Special Weapon 1 | . . . 1 . . . . . . . . . . . Impact Weapon 1 | . . . . . 1 . . . . . . . . . Slashing Weapon 4 | . . . . . 1 . 1 . . . . 1 1 . Piercing Weapon 3 | . . . . . . . . . . . . . . 3 Special Melee Weapon 1 | . . . . . 1 . . . . . . . . . Unidentified Prototypes 9 | . . . . 1 1 . 2 . . 1 2 . 1 1 Parts Lost 57 | . 2 . 6 8 1 . 7 1 1 1 . 7 3 20 Power 17 | . 1 . 2 2 . . 3 . 1 1 . 2 . 5 Propulsion 13 | . . . . 2 1 . 2 . . . . . 1 7 Utility 24 | . 1 . 2 4 . . 2 1 . . . 5 2 7 Weapon 3 | . . . 2 . . . . . . . . . . 1 Highest Loss Streak 9 | . 2 . 2 3 1 . 5 1 1 1 . 5 2 9 To Critical Strikes . | . . . . . . . . . . . . . . . Average Slot Usage (%) 87 | . 98 100 94 80 99 95 87 75 76 83 75 76 70 74 Engine 5 | . 13 14 10 6 4 7 10 7 2 . . 1 . . Core 1 | . . . . . 2 5 2 5 5 6 . . . . Reactor 2 | . . . . . . . . 2 5 7 10 9 13 8 Treads 4 | . 28 28 13 . . . . . . . . . . . Leg 1 | . . . . 12 . . . . . . . . . . Wheel 2 | . . . 8 16 . . . . . . . . . . Flight 17 | . . . . . 37 33 27 15 18 17 14 19 17 15 Device 21 | . 12 14 20 8 22 25 27 23 23 25 23 22 19 25 Storage 3 | . 14 14 11 9 . . . . . . . . . . Processor 4 | . . . . . 6 6 5 5 5 5 7 6 8 8 Hackware 6 | . . . . . 6 6 5 10 10 10 11 13 8 15 Protection 2 | . . . 8 9 . . . . . . . . . . Energy Gun 1 | . . . . 7 1 . . . 1 4 . . . . Energy Cannon 2 | . . . 12 10 . . . . . . . . . . Ballistic Gun 3 | . 28 28 7 . . . . . . . . . . . Ballistic Cannon 1 | . . . . . 5 2 . . . . . . . . Slashing Weapon 2 | . . . . . 4 6 5 5 5 5 4 4 3 1 Naked Turns . | . . . . . . . . . . . . . . . Heaviest Build 57 | 12 14 14 30 57 22 29 32 41 41 49 49 53 49 51 Greatest Support 62 | 40 40 40 40 40 29 34 40 41 47 50 55 55 55 62 Greatest Overweight (x) 4 | . . . 2 4 1 . 1 . . 1 . . 1 1 Average Overweight (x) . | . . . . 2 . . . . . . . . . . Largest Inventory Capacity 20 | 8 8 8 10 20 20 5 5 5 5 5 5 5 5 5 Average Capacity 7 | 6 8 8 9 18 5 5 5 5 5 5 5 5 5 5 Most Carried 18 | 4 6 8 10 18 18 5 5 5 5 5 5 5 5 5 Average Carried 5 | 1 2 6 8 12 4 4 4 3 4 4 4 4 4 4 Final Capacity 20 | 8 8 8 10 20 5 5 5 5 5 5 5 5 5 5 Final Carried 18 | 1 6 8 10 18 5 5 3 4 5 5 5 5 4 3 Class Distribution -------------------- 24% | Mutant 24% | Infiltrator-Sprinter 19% | Hacker-Sprinter 13% | Hacker-Mutant 7% | Scavenger-Mutant 5% | Scavenger-Sprinter 4% | Sprinter Dominant Class ---------------- Mutant | -10/Materials Mutant | -10/Mines Mutant | -9/Materials Scavenger-Mutant | -8/Materials Infiltrator-Sprinter | -7/Factory Infiltrator-Sprinter | -6/Factory Infiltrator-Sprinter | -5/Factory Hacker-Mutant | -4/Factory Hacker-Sprinter | -4/Waste Hacker-Mutant | -4/Factory Hacker-Mutant | -3/Research Hacker-Sprinter | -3/Armory Hacker-Sprinter | -2/Research Hacker-Sprinter | -1/Access Resources | -11 -10 -10 -9 -8 -7 -6 -5 -4 -4 -4 -3 -3 -2 -1 ----------- Run | Yrd Mat Min Mat Mat Fac Fac Fac Fac Was Fac Res Arm Res Acc Matter Collected 2084 | 282 117 . 341 288 215 129 109 169 145 100 . 4 . 185 Remotely . | . . . . . . . . . . . . . . . Salvage Created 2511 | 11 245 . 868 564 138 90 431 . . 75 . . . 89 Parts 199 | 4 13 . 72 41 16 9 30 . . 2 . . . 12 Haulers Intercepted 3 | . 1 . . 1 . . 1 . . . . . . . Recyclers Shooed . | . . . . . . . . . . . . . . . Parts Field Recycled . | . . . . . . . . . . . . . . . Retrieved Matter . | . . . . . . . . . . . . . . . Parts Self-Destructed . | . . . . . . . . . . . . . . . Prevented . | . . . . . . . . . . . . . . . Kills | -11 -10 -10 -9 -8 -7 -6 -5 -4 -4 -4 -3 -3 -2 -1 ------- Run | Yrd Mat Min Mat Mat Fac Fac Fac Fac Was Fac Res Arm Res Acc Combat Hostiles Destroyed 62 | . 6 . 26 14 2 3 10 . . . . . . 1 Melee 16 | . . . . . 2 3 10 . . . . . . 1 Guns 13 | . 6 . 5 2 . . . . . . . . . . Cannons 21 | . . . 15 6 . . . . . . . . . . AOE 11 | . . . 5 6 . . . . . . . . . . Classes Destroyed 14 | 1 3 . 5 1 1 1 1 . . 1 . . . . Worker 5 | . . . 2 . 1 . 2 . . . . . . . Builder 6 | . . . 1 3 1 . . . . . . . . 1 Tunneler 1 | 1 . . . . . . . . . . . . . . Hauler 3 | . 1 . . 1 . . 1 . . . . . . . Recycler 1 | . . . 1 . . . . . . . . . . . Mechanic 1 | . . . . . . . . . . 1 . . . . Operator 2 | . . . . . . 1 1 . . . . . . . Watcher 3 | . . . 1 1 . . 1 . . . . . . . Swarmer 30 | . 3 . 11 4 . 3 9 . . . . . . . Cutter 1 | . . . . . . . 1 . . . . . . . Grunt 20 | . 3 . 11 6 . . . . . . . . . . Sentry 7 | . . . 4 3 . . . . . . . . . . Hunter 1 | . . . . 1 . . . . . . . . . . Programmer 3 | . . . . . 2 . . . . . . . . 1 Best Kill Streak 8 | 1 4 . 8 5 2 3 3 . . 1 . . . 1 Combat Bots Only 7 | . 4 . 7 5 1 3 3 . . . . . . 1 Max Kills in Single Turn 3 | 1 1 . 3 2 1 1 1 . . 1 . . . 1 Gunslinging . | . . . . . . . . . . . . . . . Exploded 2 | . . . 2 2 . . . . . . . . . . Melee 1 | . . . . . 1 1 1 . . . . . . 1 Uniques/NPCs Destroyed . | . . . . . . . . . . . . . . . Combat | -11 -10 -10 -9 -8 -7 -6 -5 -4 -4 -4 -3 -3 -2 -1 -------- Run | Yrd Mat Min Mat Mat Fac Fac Fac Fac Was Fac Res Arm Res Acc Hostile Shots Fired 659 | . 61 1 134 90 32 11 76 4 1 32 4 38 49 126 Missed 254 | . 14 . 37 18 12 7 27 2 . 18 3 27 26 63 Damage Taken 7035 | . 506 14 995 1168 306 107 738 37 51 322 17 346 564 1864 Core 1688 | . 88 . 163 206 63 29 241 . 51 18 . . 98 731 Absorbed by Shields 39 | . . . . . . . . . . 27 . . . 12 Regen/Repaired (Parts) 220 | . . . . . 64 14 28 . 19 4 . 44 47 . Core Remaining (%) 80 | 100 . 64 59 62 91 96 75 . . 94 . 100 93 54 Volleys Fired 149 | 3 39 . 63 40 . . . . . 4 . . . . Largest 2 | 2 2 . 2 2 . . . . . 1 . . . . Hottest 136 | 40 40 . 136 136 . . . . . 40 . . . . Shots Fired 281 | 6 78 . 118 74 1 . . . . 4 . . . . Gun 146 | 6 78 . 31 27 . . . . . 4 . . . . Cannon 116 | . . . 74 41 1 . . . . . . . . . Launcher 12 | . . . 6 6 . . . . . . . . . . Special 7 | . . . 7 . . . . . . . . . . . Kinetic 116 | 6 78 . 31 . 1 . . . . . . . . . Thermal 153 | . . . 81 68 . . . . . 4 . . . . Explosive 12 | . . . 6 6 . . . . . . . . . . Electromagnetic . | . . . . . . . . . . . . . . . Robot Hit Streak 14 | 4 7 . 11 14 . . . . . . . . . . Robot Miss Streak 10 | 2 10 . 6 2 1 . . . . 5 . . . . Penetration Max . | . . . . . . . . . . . . . . . Secondary Targets 3 | . 3 . . . . . . . . . . . . . Max Gunslinging Chain 1 | . 1 . . . . . . . . . . . . . Shots Hit Robots 241 | 4 45 . 68 54 15 4 33 . . 3 5 . . 10 Core Hits 114 | 2 17 . 39 30 4 3 11 . . 3 1 . . 4 Critical Kills 1 | . . . 1 . . . . . . . . . . . Critical Parts Destroyed . | . . . . . . . . . . . . . . . Critical Strikes 7 | . . . 1 . . . 3 . . . 1 . . 2 Meltdown 1 | . . . 1 . . . . . . . . . . . Sever 4 | . . . . . . . 3 . . . 1 . . . Impale 2 | . . . . . . . . . . . . . . 2 Melee Attacks 232 | . . . . . 33 18 76 7 . 7 17 15 26 33 Impact 3 | . . . . . 3 . . . . . . . . . Slashing 211 | . . . . . 27 18 76 7 . 7 17 15 26 18 Piercing 15 | . . . . . . . . . . . . . . 15 Sneak Attacks 14 | . . . . . 5 . 7 . . 1 . . . 1 Combat Hostiles 3 | . . . . . . . 3 . . . . . . . Follow-up Attacks . | . . . . . . . . . . . . . . . Damage Inflicted 6564 | 57 482 . 1582 1560 478 146 1455 . . 165 197 . . 442 Guns 1148 | 57 482 . 196 399 . . . . . 14 . . . . Cannons 1594 | . . . 1003 591 . . . . . . . . . . Explosions 839 | . . . 327 512 . . . . . . . . . . Melee 2869 | . . . . . 478 146 1455 . . 151 197 . . 442 Ramming 66 | . . . 8 58 . . . . . . . . . . Kinetic 735 | 57 482 . 196 . . . . . . . . . . . Thermal 2055 | . . . 1051 990 . . . . . 14 . . . . Explosive 839 | . . . 327 512 . . . . . . . . . . Electromagnetic . | . . . . . . . . . . . . . . . Impact . | . . . . . . . . . . . . . . . Slashing 2505 | . . . . . 478 146 1455 . . 151 197 . . 78 Piercing 364 | . . . . . . . . . . . . . . 364 Highest Corruption 5 | . . . . 1 4 . . . . . 5 5 . . Average Corruption 3 | . . . . 1 1 . . . . . 5 5 . . Corruption Purged . | . . . . . . . . . . . . . . . Corruption Blocked . | . . . . . . . . . . . . . . . Effects 21 | . . . . . 9 . . . . . 6 6 . . Message Errors 8 | . . . . . 1 . . . . . 5 2 . . Matter Fused 3 | . . . . . 2 . . . . . . 1 . . Energy Discharges 1 | . . . . . 1 . . . . . . . . . Parts Rejected 1 | . . . . . . . . . . . . 1 . . Parts Fused 1 | . . . . . 1 . . . . . . . . . Data Loss (minor) 3 | . . . . . 2 . . . . . 1 . . . Data Loss (major) 2 | . . . . . . . . . . . . 2 . . Misfires 1 | . . . . . 1 . . . . . . . . . Alerts 1 | . . . . . 1 . . . . . . . . . Overload Shots . | . . . . . . . . . . . . . . . Overflow Damage 400 | . . . 23 44 18 18 207 . . 7 27 . . 56 Projectiles 24 | . . . 23 1 . . . . . . . . . . Explosions 43 | . . . . 43 . . . . . . . . . . Melee 333 | . . . . . 18 18 207 . . 7 27 . . 56 Knockbacks . | . . . . . . . . . . . . . . . Impact . | . . . . . . . . . . . . . . . Kinetic . | . . . . . . . . . . . . . . . Secondary . | . . . . . . . . . . . . . . . Self-Inflicted Damage 218 | . . . 4 103 . . . . . . . . . 111 Shots 4 | . . . . 3 . . . . . . . . . 1 Rammed 6 | . . . 2 4 . . . . . . . . . . Targets Rammed 7 | . . . 3 4 . . . . . . . . . . Kicked . | . . . . . . . . . . . . . . . Crushed 1 | . . . 1 . . . . . . . . . . . Highest Temperature 358 | . 18 . 315 358 46 84 294 . . 331 114 212 192 199 Average Temperature 71 | . 7 . 84 113 5 22 85 . . 77 57 80 63 109 Received Heat Transfer 1128 | . 240 9 303 432 6 . . . . 18 . 48 27 45 Effects 9 | . . . . 2 . . 1 . . 1 . 5 . . Shutdowns 2 | . . . . 1 . . . . . 1 . . . . Energy Bleed 3 | . . . . 1 . . . . . . . 2 . . Interference 4 | . . . . . . . 1 . . . . 3 . . Siege Activations . | . . . . . . . . . . . . . . . Robots Corrupted . | . . . . . . . . . . . . . . . Combat Hostiles . | . . . . . . . . . . . . . . . Parts Fried . | . . . . . . . . . . . . . . . Impact Corruptions . | . . . . . . . . . . . . . . . Robots Melted 1 | . . . 1 . . . . . . . . . . . Combat Hostiles 1 | . . . 1 . . . . . . . . . . . Parts Melted 10 | . . . 3 7 . . . . . . . . . . Heat Transferred 3874 | . . . 1913 1924 . . . . . 37 . . . . Parts Sabotaged . | . . . . . . . . . . . . . . . Parts Stolen . | . . . . . . . . . . . . . . . Parts Stripped . | . . . . . . . . . . . . . . . Power Chain Reactions . | . . . . . . . . . . . . . . . Alert | -11 -10 -10 -9 -8 -7 -6 -5 -4 -4 -4 -3 -3 -2 -1 ------- Run | Yrd Mat Min Mat Mat Fac Fac Fac Fac Was Fac Res Arm Res Acc Peak Influence 511 | 5 123 27 511 465 281 404 276 179 89 441 337 240 301 296 Initial 176 | . 3 27 10 168 126 137 31 116 59 49 11 176 109 108 Average 166 | 1 56 27 205 312 146 141 140 153 70 154 254 167 209 142 Maximum Alert Level 2 | . . . 2 2 1 2 1 . . 2 1 1 1 1 Low Security (%) 65 | 100 100 100 59 11 80 71 69 100 100 45 15 95 46 74 Level 1 30 | . . . 27 60 19 25 30 . . 53 84 4 53 25 Level 2 4 | . . . 12 27 . 3 . . . 1 . . . . Level 3 . | . . . . . . . . . . . . . . . Level 4 . | . . . . . . . . . . . . . . . Level 5 . | . . . . . . . . . . . . . . . High Security . | . . . . . . . . . . . . . . . Max Security . | . . . . . . . . . . . . . . . Squads Dispatched 35 | . 3 . 3 . 3 5 3 . . 4 1 3 4 6 Investigation 11 | . . . . . 1 4 . . . 2 . 1 2 1 Extermination 6 | . . . . . 1 . . . . 1 . . 2 2 Reinforcement 18 | . 3 . 3 . 1 1 3 . . 1 1 2 . 3 Assault . | . . . . . . . . . . . . . . . Garrison . | . . . . . . . . . . . . . . . Intercept . | . . . . . . . . . . . . . . . Searches Triggered . | . . . . . . . . . . . . . . . Construction Impeded . | . . . . . . . . . . . . . . . Haulers Reinforced . | . . . . . . . . . . . . . . . Active Scanning Responses . | . . . . . . . . . . . . . . . Cargo Convoy Interrupts . | . . . . . . . . . . . . . . . Stealth | -11 -10 -10 -9 -8 -7 -6 -5 -4 -4 -4 -3 -3 -2 -1 --------- Run | Yrd Mat Min Mat Mat Fac Fac Fac Fac Was Fac Res Arm Res Acc Distress Signals 14 | . . . 7 1 . 1 1 . . . . 1 1 2 Communications Jammed 75 | . . . . . 1 5 9 . . 2 2 56 . . Distress Signals 74 | . . . . . 1 5 9 . . 2 1 56 . . Times Spotted 337 | . 14 2 41 24 18 31 43 5 6 21 7 32 27 66 Peak Tracking Total 8 | . 4 2 8 5 4 7 5 3 4 8 2 8 6 8 Tactical Retreats 71 | . . . 3 1 6 8 11 1 1 4 2 8 8 18 Traps | -11 -10 -10 -9 -8 -7 -6 -5 -4 -4 -4 -3 -3 -2 -1 ------- Run | Yrd Mat Min Mat Mat Fac Fac Fac Fac Was Fac Res Arm Res Acc Traps Triggered 20 | . . . . 1 7 2 2 1 . 2 . . 1 4 Indirectly . | . . . . . . . . . . . . . . . Trap Hack Attempts . | . . . . . . . . . . . . . . . Triggered . | . . . . . . . . . . . . . . . Disarmed . | . . . . . . . . . . . . . . . Reprogrammed . | . . . . . . . . . . . . . . . Reused . | . . . . . . . . . . . . . . . Traps Extracted . | . . . . . . . . . . . . . . . Installed . | . . . . . . . . . . . . . . . Triggered . | . . . . . . . . . . . . . . . Machines | -11 -10 -10 -9 -8 -7 -6 -5 -4 -4 -4 -3 -3 -2 -1 ---------- Run | Yrd Mat Min Mat Mat Fac Fac Fac Fac Was Fac Res Arm Res Acc Machines Disabled 12 | . . . 2 1 . . 1 . . 3 . 3 . 2 Max in Single Turn 1 | . . . 1 1 . . 1 . . . . 1 . 1 Garrison Access 10 | . . . . . 2 1 3 2 . 1 . . . 1 Energy Cycler 1 | . . . . . . . . . . . . . . 1 Machines Repaired . | . . . . . . . . . . . . . . . Machines Dismantled . | . . . . . . . . . . . . . . . Machines Sabotaged . | . . . . . . . . . . . . . . . Overloaded Fab Kills . | . . . . . . . . . . . . . . . Hacking | -11 -10 -10 -9 -8 -7 -6 -5 -4 -4 -4 -3 -3 -2 -1 --------- Run | Yrd Mat Min Mat Mat Fac Fac Fac Fac Was Fac Res Arm Res Acc Machines Accessed 119 | . 2 1 5 6 23 25 15 5 . 10 4 4 7 12 Terminals 66 | . 2 . 3 4 11 14 5 3 . 4 3 2 5 10 Fabricators 9 | . . . . . 2 3 2 . . 1 . 1 . . Repair Stations 7 | . . . . . 1 1 1 . . 1 . 1 2 . Recycling Units 16 | . . . 1 2 5 3 3 . . 1 . . . 1 Scanalyzers 8 | . . . 1 . 2 3 1 . . 1 . . . . Garrison Access 12 | . . . . . 2 1 3 2 . 2 1 . . 1 Total Hacks 274 | . 4 1 14 11 48 67 36 13 . 23 10 8 11 28 Successful 147 | . 2 1 9 6 27 37 21 7 . 11 5 6 5 10 Failed 126 | . 2 . 4 5 21 30 15 6 . 12 5 2 6 18 Catastrophic 23 | . . . 2 1 3 4 3 1 . 2 1 . 2 4 Database Lockouts 1 | . . . 1 . . . . . . . . . . . Manual 154 | . 4 . 11 8 22 34 18 10 . 15 6 3 6 17 Terminals 172 | . 4 . 10 9 24 38 19 10 . 16 8 3 8 23 Fabricators 21 | . . . . . 4 9 3 . . 2 . 3 . . Repair Stations 15 | . . . . . 3 3 3 . . 1 . 2 3 . Recycling Units 30 | . . . 2 2 9 7 6 . . 1 . . . 3 Scanalyzers 19 | . . . 2 . 6 8 2 . . 1 . . . . Garrison Access 16 | . . . . . 2 2 3 3 . 2 2 . . 2 Terminal Hacks 47 | . 1 1 3 2 5 14 6 2 . 6 2 1 1 3 Record 6 | . . . . . 2 . 1 . . . 1 . . 2 Part Schematic 4 | . . . . . . 1 1 . . 2 . . . . Robot Schematic 1 | . . . 1 . . . . . . . . . . . Open Door 1 | . . 1 . . . . . . . . . . . . Branch Access Points 1 | . . . . 1 . . . . . . . . . . Terminal Index 4 | . . . . . . 1 1 1 . . . . 1 . Fabricator Index 1 | . . . . . . 1 . . . . . . . . Repair Station Index 2 | . . . . . . . . 1 . 1 . . . . Recycling Unit Index 2 | . . . . . 1 1 . . . . . . . . Scanalyzer Index 2 | . . . . . 1 1 . . . . . . . . Alert Level 3 | . . . 1 1 . 1 . . . . . . . . Unreport Threat 11 | . . . . . . 4 2 . . 3 . 1 . 1 Recall Investigation 3 | . . . . . 1 2 . . . . . . . . Recall Reinforcements 5 | . 1 . 1 . . 1 1 . . . 1 . . . Zone Layout 1 | . . . . . . 1 . . . . . . . . Fabricator Hacks 10 | . . . . . . 6 1 . . 1 . 2 . . Load Schematic 5 | . . . . . . 3 1 . . . . 1 . . Build 5 | . . . . . . 3 . . . 1 . 1 . . Repair Station Hacks 10 | . . . . . 2 2 2 . . . . 2 2 . Scan Component 5 | . . . . . 1 1 1 . . . . 1 1 . Repair 5 | . . . . . 1 1 1 . . . . 1 1 . Recycling Unit Hacks 23 | . . . 2 2 8 3 5 . . . . . . 3 Process 5 | . . . . . 2 . 2 . . . . . . 1 Report Inventory 8 | . . . 1 1 2 3 1 . . . . . . . Retrieve Matter 8 | . . . . . 4 . 2 . . . . . . 2 Retrieve Components 2 | . . . 1 1 . . . . . . . . . . Scanalyzer 15 | . . . 2 . 4 8 1 . . . . . . . Insert Component 8 | . . . 1 . 2 4 1 . . . . . . . Analyze 7 | . . . 1 . 2 4 . . . . . . . . Garrison Access Hacks 10 | . . . . . 2 1 3 2 . 1 . . . 1 Seal Access 10 | . . . . . 2 1 3 2 . 1 . . . 1 Unauthorized Hacks 32 | . 1 . 2 2 6 3 3 3 . 3 3 1 2 3 Terminals 32 | . 1 . 2 2 6 3 3 3 . 3 3 1 2 3 Assimilate 7 | . . . . 1 3 1 1 1 . . . . . . Botnet 25 | . 1 . 2 1 3 2 2 2 . 3 3 1 2 3 Fabricators . | . . . . . . . . . . . . . . . Repair Stations . | . . . . . . . . . . . . . . . Recycling Units . | . . . . . . . . . . . . . . . Scanalyzers . | . . . . . . . . . . . . . . . Garrison Access . | . . . . . . . . . . . . . . . Data Cores Recovered 1 | . . . . . . 1 . . . . . . . . Used . | . . . . . . . . . . . . . . . Hacking Detections 96 | . 1 . 5 5 16 23 8 2 . 9 4 4 7 12 Full Trace Events 8 | . . . . . 1 4 . . . 1 . 1 1 . Feedback Events . | . . . . . . . . . . . . . . . Feedback Blocked . | . . . . . . . . . . . . . . . Robot Schematics Acquired 1 | . . . 1 . . . . . . . . . . . Robots Built . | . . . . . . . . . . . . . . . Authchips . | . . . . . . . . . . . . . . . Time . | . . . . . . . . . . . . . . . Total Robot Build Rating . | . . . . . . . . . . . . . . . Part Schematics Acquired 10 | . . . 1 . 1 5 1 . . 2 . . . . Parts Built 8 | . . . . . . 4 . . . 2 . 2 . . Authchips . | . . . . . . . . . . . . . . . Time 389 | . . . . . . 296 . . . 46 . 47 . . Total Part Build Rating 46 | . . . . . . 18 . . . 18 . 10 . . Parts Repaired 5 | . . . . . 1 1 1 . . . . 1 1 . Time 147 | . . . . . 22 13 44 . . . . 37 31 . Parts Recycled . | . . . . . . . . . . . . . . . Recycled Matter 290 | . . . . . 149 . 91 . . . . . . 50 Retrieved Matter 290 | . . . . . 149 . 91 . . . . . . 50 Retrieved Components 20 | . . . 10 10 . . . . . . . . . . Parts Scanalyzed 8 | . . . 1 . 2 4 1 . . . . . . . Part Schematics Acquired 6 | . . . 1 . 1 4 . . . . . . . . Parts Damaged . | . . . . . . . . . . . . . . . Bothacking | -11 -10 -10 -9 -8 -7 -6 -5 -4 -4 -4 -3 -3 -2 -1 ------------ Run | Yrd Mat Min Mat Mat Fac Fac Fac Fac Was Fac Res Arm Res Acc Used RIF Installer . | . . . . . . . . . . . . . . . Robots Hacked 2 | . . . . . 2 . . . . . . . . . Non-combat 2 | . . . . . 2 . . . . . . . . . Combat . | . . . . . . . . . . . . . . . Robot Hacks Applied 3 | . . . . . 3 . . . . . . . . . parse_system 1 | . . . . . 1 . . . . . . . . . no_distress 1 | . . . . . 1 . . . . . . . . . find_chute 1 | . . . . . 1 . . . . . . . . . Relay Couplers Released . | . . . . . . . . . . . . . . . Fabnet Peak Effective % . | . . . . . . . . . . . . . . . Robots Rewired . | . . . . . . . . . . . . . . . Allies Hacked 1 | . . . . . 1 . . . . . . . . . Hacks Repelled . | . . . . . . . . . . . . . . . Allies | -11 -10 -10 -9 -8 -7 -6 -5 -4 -4 -4 -3 -3 -2 -1 -------- Run | Yrd Mat Min Mat Mat Fac Fac Fac Fac Was Fac Res Arm Res Acc Total Allies 24 | . . . . 1 1 1 1 1 19 . . . . . Largest Group 18 | . . . . 1 1 1 1 1 18 15 . . . . Highest-Rated Group 638 | . . . . 10 10 26 10 26 638 538 . . . . Highest-Rated Ally 50 | . . . . 10 10 26 10 26 50 50 . . . . Total Orders . | . . . . . . . . . . . . . . . Ally Attacks 158 | . . . . . . . . . 70 88 . . . . Total Damage 4582 | . . . . . . . . . 2133 2449 . . . . Kills 19 | . . . . . . . . . 5 14 . . . . Allies Corrupted 1 | . . . . . . . . . . 1 . . . . Allies Melted . | . . . . . . . . . . . . . . . Intel | -11 -10 -10 -9 -8 -7 -6 -5 -4 -4 -4 -3 -3 -2 -1 ------- Run | Yrd Mat Min Mat Mat Fac Fac Fac Fac Was Fac Res Arm Res Acc Robot Analysis Total . | . . . . . . . . . . . . . . . Derelict Logs Recovered . | . . . . . . . . . . . . . . . Drone Launches . | . . . . . . . . . . . . . . . Drone Recoveries . | . . . . . . . . . . . . . . . Exploration | -11 -10 -10 -9 -8 -7 -6 -5 -4 -4 -4 -3 -3 -2 -1 ------------- Run | Yrd Mat Min Mat Mat Fac Fac Fac Fac Was Fac Res Arm Res Acc Turns Passed 9646 | 87 752 64 1254 910 1477 859 1112 140 117 535 370 342 513 1114 Spaces Moved 14371 | 49 347 40 566 440 2759 1783 2067 332 191 1073 777 584 1009 2354 Core 13 | 13 . . . . . . . . . . . . . . Treads 734 | 36 347 40 311 . . . . . . . . . . . Legs 3 | . . . . 3 . . . . . . . . . . Wheels 692 | . . . 255 437 . . . . . . . . . . Hover 62 | . . . . . . . . . . . . . . 62 Flight 12867 | . . . . . 2759 1783 2067 332 191 1073 777 584 1009 2292 Fastest Speed 24 | 50 160 160 90 105 24 24 24 34 31 31 31 31 29 28 Average Speed 40 | 130 160 160 134 119 26 25 26 34 33 32 33 31 31 37 Slowest Speed 190 | 160 160 160 160 190 107 26 117 34 34 117 34 31 114 114 Overloaded Moves . | . . . . . . . . . . . . . . . Propulsion Burnouts . | . . . . . . . . . . . . . . . Robots Hopped 53 | . . . . . 16 5 8 . . 9 3 4 5 3 Cave-ins Triggered . | . . . . . . . . . . . . . . . Exploration Rate (%) 42 | 3 44 16 51 35 65 50 65 15 88 33 26 50 32 65 Regions Visited 14 Branch Regions 2 Pre-discovered Areas . | . . . . . . . . . . . . . . . Known Exits Taken . | . . . . . . . . . . . . . . . Unknown Exits Taken 12 | 1 1 1 1 1 1 1 1 . . 1 1 1 1 . Scrap Searched . | . . . . . . . . . . . . . . . Spaces Dug 126 | . . . . . 16 13 25 7 . 4 6 12 26 17 Terrain Destroyed 222 | . . . 45 43 17 13 25 7 . 4 6 12 26 24 Melee 126 | . . . . . 16 13 25 7 . 4 6 12 26 17 Projectile 2 | . . . 1 . 1 . . . . . . . . . AOE 94 | . . . 44 43 . . . . . . . . . 7 Terrain Rammed . | . . . . . . . . . . . . . . . Walls Destroyed . | . . . . . . . . . . . . . . . Machines Disabled . | . . . . . . . . . . . . . . . Actions | -11 -10 -10 -9 -8 -7 -6 -5 -4 -4 -4 -3 -3 -2 -1 --------- Run | Yrd Mat Min Mat Mat Fac Fac Fac Fac Was Fac Res Arm Res Acc Total 17465 | 67 474 40 926 748 3449 2151 2515 349 243 1232 857 716 1165 2533 Wait 2194 | 1 80 . 229 213 529 323 325 . 49 98 39 103 116 89 Move 14256 | 48 346 39 565 439 2729 1772 2051 332 190 1054 770 575 999 2347 Hop 48 | . . . . . 13 5 7 . . 9 3 4 4 3 Pick Up 138 | 8 7 1 26 21 24 4 11 4 2 5 6 3 5 11 Fast Attach 69 | . . . 1 . 9 12 10 . 1 7 8 8 4 9 Attach 90 | 7 2 . 8 14 14 2 11 4 . 2 3 3 5 15 Detach 17 | . . . . 3 1 . 3 1 . . . 2 1 6 Swap 40 | . . . 14 10 11 1 1 . . 2 . . . 1 Drop 137 | . . . 17 4 46 14 15 1 1 13 11 3 5 7 Fire 149 | 3 39 . 63 40 . . . . . 4 . . . . Melee 232 | . . . . . 33 18 76 7 . 7 17 15 26 33 Ram 5 | . . . 1 4 . . . . . . . . . . Kick . | . . . . . . . . . . . . . . . Crush 2 | . . . 2 . . . . . . . . . . . Escape Stasis 88 | . . . . . 40 . 5 . . 31 . . . 12 Rewire . | . . . . . . . . . . . . . . . Trap . | . . . . . . . . . . . . . . . Miscellaneous . | . . . . . . . . . . . . . . . Route ------- -11/Scrapyard -10/Materials -10/Mines -9/Materials -8/Materials (discovered 3 exits: *Fac / *Sto x2) -7/Factory (discovered 2 exits: *Fac / [*Low]) -6/Factory (discovered 4 exits: *Fac x2 / [*Low x2]) -5/Factory (discovered 4 exits: *Fac x3 / [*Upp]) -4/Factory -4/Waste -4/Factory (discovered 3 exits: *Res x2 / [*Upp]) -3/Research (discovered 2 exits: *Arm / [*Tes]) -3/Armory -2/Research -1/Access To Epsilon Eridani History --------- Turn | Location | Event 21 | -11/Scrapyard | Discovered new exit (range 15) 88 | -11/Scrapyard | Entered Materials 317 | -10/Materials | Build established: Mutant 806 | -10/Materials | Discovered new exit (range 12) 840 | -10/Materials | Entered Mines 860 | -10/Mines | Discovered new exit (range 6) 872 | -10/Mines | Found the Drone Emporium 877 | -10/Mines | Found Prototype Device 904 | -10/Mines | Entered Materials 904 | -9/Materials | Evolved 2 slots: Utility x2 929 | -9/Materials | Central database locked down 1871 | -9/Materials | Destroyed 7 combat bots 1926 | -9/Materials | Discovered new exit (range 16) 2158 | -9/Materials | Entered another Materials area 2158 | -8/Materials | Evolved 2 slots: Propulsion x2 2158 | -8/Materials | Discovered new exit (range 14) 2385 | -8/Materials | Lost 3 parts (1p2u) 2880 | -8/Materials | Build established: Scavenger-Mutant 2997 | -8/Materials | Identified exit to Storage 3008 | -8/Materials | Discovered new exit (range 8) 3068 | -8/Materials | Entered Factory 3068 | -7/Factory | Evolved 2 slots: Propulsion x1, Utility x1 3211 | -7/Factory | Repaired Hvy. Laser 3474 | -7/Factory | Build established: Scavenger-Sprinter 3553 | -7/Factory | Discovered new exit (range 6) 3883 | -7/Factory | Build established: Sprinter 4310 | -7/Factory | Build established: Infiltrator-Sprinter 4467 | -7/Factory | Discovered new exit (range 19) 4545 | -7/Factory | Entered another Factory area 4545 | -6/Factory | Evolved 2 slots: Power x1, Utility x1 4671 | -6/Factory | Discovered new exit (range 6) 4700 | -6/Factory | Discovered new exit (range 16) 4810 | -6/Factory | Repaired ECM Suite 4920 | -6/Factory | Fabricated Cld. VTOL Module (x1) 5051 | -6/Factory | Fabricated Lgt. Angular Momentum Engine? 5113 | -6/Factory | Discovered new exit (range 4) 5210 | -6/Factory | Discovered new exit (range 5) 5287 | -6/Factory | Fabricated Cld. VTOL Module? 5404 | -6/Factory | Entered another Factory area 5404 | -5/Factory | Evolved 2 slots: Power x1, Utility x1 5603 | -5/Factory | Discovered new exit (range 21) 5801 | -5/Factory | Discovered new exit (range 20) 5895 | -5/Factory | Lost 5 parts (3p2n) 6027 | -5/Factory | Repaired Adv. ECM Suite 6147 | -5/Factory | Discovered new exit (range 6) 6413 | -5/Factory | Discovered new exit (range 5) 6516 | -5/Factory | Entered another Factory area 6516 | -4/Factory | Evolved 2 slots: Propulsion x1, Utility x1 6610 | -4/Factory | Discovered new exit (range 21) 6656 | -4/Factory | Sucked down chute 6656 | -4/Factory | Entered Waste 6656 | -4/Waste | Spotted C-40 Crusher 6657 | -4/Waste | Met a frightened Derelict 6660 | -4/Waste | Spotted C-40 Crusher 6669 | -4/Waste | Spotted C-40 Crusher 6675 | -4/Waste | Spotted C-40 Crusher 6686 | -4/Waste | Spotted C-40 Crusher 6687 | -4/Waste | Spotted C-40 Crusher 6690 | -4/Waste | Warlord forces began an assault 6706 | -4/Waste | Crushed by Compactor (1 part destroyed, 1 dropped) 6707 | -4/Waste | Allies destroyed C-40 Crusher 6708 | -4/Waste | Allies destroyed C-40 Crusher 6710 | -4/Waste | Allies destroyed C-40 Crusher 6712 | -4/Waste | Allies destroyed C-40 Crusher 6716 | -4/Waste | Discovered new exit (range 12) 6741 | -4/Waste | Lost 3 allies 6773 | -4/Waste | Entered Factory 6773 | -4/Factory | Accompanied by 15 allies 7038 | -4/Factory | Fabricated Lgt. Quantum Reactor (x2) 7059 | -4/Factory | Discovered new exit (range 19) 7189 | -4/Factory | Discovered new exit (range 22) 7207 | -4/Factory | Spotted B-86 Titan 7244 | -4/Factory | Build established: Hacker-Mutant 7285 | -4/Factory | Discovered new exit (range 20) 7308 | -4/Factory | Entered Research 7308 | -3/Research | Evolved 2 slots: Utility x2 7400 | -3/Research | Found Prototype Processor 7400 | -3/Research | Identified Spectral Analyzer 7403 | -3/Research | Spotted B-86 Titan 7601 | -3/Research | Discovered new exit (range 7) 7621 | -3/Research | Found Prototype Device 7621 | -3/Research | Identified Exp. EM Disruption Field 7634 | -3/Research | Discovered new exit (range 5) 7678 | -3/Research | Entered Armory 7759 | -3/Armory | Repaired Adv. Cloaking Device 7880 | -3/Armory | Lost 5 parts (2p3u) 7905 | -3/Armory | Build established: Hacker-Sprinter 7957 | -3/Armory | Fabricated Lgt. Angular Momentum Engine (x2) 8017 | -3/Armory | Discovered new exit (range 4) 8020 | -3/Armory | Entered Research 8020 | -2/Research | Evolved 2 slots: Utility x2 8070 | -2/Research | Repaired Adv. Reaction Control System 8105 | -2/Research | Found Prototype Slashing Weapon 8106 | -2/Research | Spotted B-90 Cyclops 8116 | -2/Research | Identified Molecular Scythe 8531 | -2/Research | Discovered new exit (range 6) 8533 | -2/Research | Entered Access 8533 | -1/Access | Evolved 2 slots: Propulsion x1, Utility x1 8844 | -1/Access | Spotted B-99 Colossus 8974 | -1/Access | Lost 6 parts (1p3n1u1w) 9055 | -1/Access | Spotted B-99 Colossus 9203 | -1/Access | Energy Cycler disabled 9587 | -1/Access | Build established: Hacker-Mutant 9644 | -1/Access | Discovered new exit (range 8) 9647 | *** | Escaped! Last Messages --------------- 09562_ P-80 Master destroyed. 09565_ K-01 Serf collects debris. 09570_ Destroyed Gamma Rifle. 09576_ Adv. ECM Suite destroyed. 09580_ Lgt. Quantum Reactor destroyed. 09582_ Acquired 65 matter. 09583_ Acquired Imp. Antigrav System. [Achievement: Universal Adapter] 09609_ Adv. Power Amplifier destroyed. 09614_ Impulse Thruster destroyed. 09630_ W-44 Eye sends out distress signal. 09631_ Adv. Cloaking Device destroyed. 09643_ Imp. Hacking Suite destroyed. 09644_ The Access Shell folds into the floor. 09644_ EXIT=FOUND 09645_ Penetrated by Slug. 09645_ Slug penetrates Sealed Heavy Doors. [Achievement: 5k Club] [Achievement: 10k Club] [Achievement: Epsilon Run] Map ----- +----------------------------------------------------+ | ??????????????????????????????????????????#"" """ | | ??????????????????????????????????????????#"" "" | | ??????????????????????????????????????????#" " | | ??????????????????????????????????????????# | | ??????????????????????????????????????????# | | ??????????????????????????????????????????######## | | ?????????????????????????????????????????????????? | | ?????????????????????????????????????????????????? | | ?????????????????????????????????????????????????? | | ?????????????????????????????????????????????????? | | ?????????????????????????????????????????????????? | | ?????????????????????????????????????????????????? | | ?????????????????????????????????????????????????? | | ?????????????????????????????????????????????????? | | ?????????????????????????????????????????????????? | | ?????????????????????????????????????????????????? | | ?????????????????????????????????????????????????? | | ?????????????????????????????????????????????????? | | ?????????????????????????????????????????????????? | | #########???????????????????????????? ??????????? | | #########??????????#""""""""""#?????? ??????????? | | ##??????????# #?????? ??????????? | | ##??????????# #?????? # ????????? | | ##??????????# #????## # ????????? | | ##??????????# "" #????## # ????????? | | ##??????????# "@ #????## + ????????? | | ##??????????# #????## # ????????? | | ###########?# #????## # ????????? | | ## ### #????## # ????????? | | ## ]] ""# #????## # ?????? | | ## ]] ## u #???## ###??????## | | ## ###"" ##???## ?????? | | ## ###"" ##???## ??? % | | ## ###"" ##???## ##???#####/ | | ## ###T h ##???## ##???## !| | | ## ###"" ##???## ##???## | | ## ###"" ####### ##???## | | +#############+#####"" ####### ##???## | | w ####### * | | #######= | | #######+### ######################/# #### | | ## ####################[ ## | | ## ##?########???????## | | ## ##?########???????## ! ### | | ## # ? ##???????## ## | | ## # ? ##???????## ## | | ## # " ##???????## ## | | ## # """ ##???????## =## | | ## # """ ##???????## #/#### | | ## # " !##???????##### # #### | +----------------------------------------------------+ Best States ------------- Heat Dissipation 58 Coolant Potential 100 Energy Generation 77 Energy Capacity 445 Matter Stores 300 Matter Capacity 300 Sight Range 22 Robot Scan Range 14 Terrain Scan Density 10 ECM Strength 2 Jamming Range 16 Cloak Strength 4 Power Amplification 30 Additional Mass Support 9 Base Temperature (-) 100 Corruption Containment 12 Armor Coverage 375 Phase Shifting 15 Evasion (%) 89 Recoil Reduction 2 Offensive Hacking 48 Defensive Hacking 20 Authchip Count 1 Item Schematics ----------------- Arm. Wheel | -9/Materials | Scanalyzed Cld. VTOL Module | -7/Factory | Scanalyzed Adv. Weight Redist. System | -6/Factory | Scanalyzed Lgt. Angular Momentum Engine | -6/Factory | Hacked Hyp. Gauss Rifle | -6/Factory | Scanalyzed Nuclear Pulse Thruster | -6/Factory | Scanalyzed Imp. Reaction Control System | -6/Factory | Scanalyzed Lgt. Deuterium Engine | -5/Factory | Hacked Hacking Suite | -4/Factory | Hacked Chainsword | -4/Factory | Hacked Robot Schematics ------------------ G-34 Mercenary | -9/Materials | Hacked Fabricated ------------ Cld. VTOL Module | x1 | -6/Factory Lgt. Angular Momentum Engine | x2 | -6/Factory Cld. VTOL Module | x1 | -6/Factory Lgt. Quantum Reactor | x2 | -4/Factory | Preloaded Lgt. Angular Momentum Engine | x2 | -3/Armory Alien Tech Used ----------------- None Achievements -------------- 10k Club 5k Club Can't Catch Me Dangerous Findings Denied? Dodgeball, But With Guns Epsilon Run Everything Is Under Control It's Just You Just What I Needed Leap Before You Look Made in Tau Ceti IV More Power To You No Signal Part-time Mechanic Party Time Quantum Hacking Respectable Loadout Safety First Serviceable Loadout Storm Trooper The More The Merrier Total Silence Universal Adapter root@ Challenges ------------ None Game ------ Seed NuclearPrecisionLaser Manual? 0 Play Time 04:49:49 Cumulative 10.0 hours Start 2024.03.31 @ 07:10:55 End 2024.04.01 @ 03:13:52 Sessions 3 Manual Loads 0 Difficulty Rogue Special Mode None Game No. 2 Rogue 2 Adventurer 0 Explorer 0 Win Type 0 Total 1 Types 1/0/0/0/0/0/0/0/0 Lore% 1 Gallery% 9 Achievement% 13 Wizard Run 0 Options --------- Layout 1 ASCII 0 Keyboard 0 Movement Mouse Keybinds 0 Fullscreen 1 Font 24/Smallcaps Map View 50x35 Zoom Use 0% Tactical HUD 1 Map Filters NONE Filters NONE Steam 1 RUN: e3241f4d-5184-4842-9bd6-01d3cbd6549e